 Dungeon Crawl Stone Soup version 0.20-a0-997-g5e58985 (webtiles) character file.

250 Firecrotchwizard the Chopper (level 5, 0/46 HPs)
             Began as a Minotaur Berserker on Apr 11, 2017.
             Was a Believer of Trog.
             Slain by an orc
             ... wielding a +0 mace
              (5 damage)
             ... on level 4 of the Dungeon.
             The game lasted 00:10:28 (2208 turns).

Firecrotchwizard the Chopper (Minotaur Berserker)   Turns: 2208, Time: 00:10:28

Health: 0/46       AC:  3    Str: 21    XL:     5   Next: 88%
Magic:  4/4        EV: 13    Int:  4    God:    Trog [**....]
Gold:   95         SH:  4    Dex: 11    Spells: 4/4 levels left

rFire    . . .     SeeInvis .   a - +0 hand axe
rCold    . . .     Gourm    +   i - +0 buckler
rNeg     . . .     Faith    .   b - +0 animal skin
rPois    .         Spirit   .   (helmet restricted)
rElec    .         Reflect  .   o - +0 cloak
rCorr    .         Harm     .   (no gloves)
MR       ++...                  (no boots)
Stlth    +.........             l - amulet of the gourmand
Regen    1.2/turn               (no ring)
MPRegen  0.1/turn               (no ring)

@: lethally poisoned (0 -> 0), regenerating
A: retaliatory headbutt, horns 2
a: Berserk, Trog's Hand, Burn Spellbooks, Renounce Religion


You were on level 4 of the Dungeon.
You worshipped Trog.
Trog was pleased with you.
You were very full.

You visited 1 branch of the dungeon, and saw 4 of its levels.

You collected 95 gold pieces.


Innate Abilities, Weirdness & Mutations

You reflexively headbutt those who attack you in melee.
You have a pair of horns on your head.


   Skills:
 + Level 4.3 Fighting
 * Level 5.8 Axes
 + Level 3.7 Armour
 + Level 3.4 Dodging
 + Level 2.3 Shields


You had 4 spell levels left.
You didn't know any spells.

Inventory:

Hand Weapons
 a - a +0 hand axe (weapon)
Missiles
 y - 2 tomahawks (quivered)
Armour
 b - a +0 animal skin (worn)
 i - a +0 buckler (worn)
 o - a +0 cloak (worn)
Jewellery
 l - an amulet of the gourmand (around neck)
Scrolls
 j - 5 scrolls of identify {unknown}
 n - a scroll of enchant armour {unknown}
 p - 2 scrolls of teleportation {unknown}
 r - a scroll of immolation {unknown}
 s - a scroll of fog {unknown}
 t - a scroll of remove curse {unknown}
 w - a scroll of noise {unknown}
Potions
 d - 4 potions of heal wounds {unknown}
 e - a potion of curing {unknown}
 f - 2 potions of agility {unknown}
 m - a potion of magic {unknown}
 q - a potion of degeneration {unknown}
 v - 3 potions of might {unknown}
 x - a potion of brilliance {unknown}
 z - 2 potions of lignification {unknown}
Comestibles
 c - 4 bread rations {@e1}
 g - 6 fruits {@e2}
 h - 3 royal jellies {@e3}
 k - 4 meat rations {@e1}
 u - 6 chunks of flesh

Dungeon Overview and Level Annotations

Branches:
Dungeon (4/15)
 Temple: D:4-7

Altars:
Elyvilon
The Shining One

#########
........#
####.....###.###.
#.$.....oo).....<
.##....@###.....
#..<..# #..
###<...# ####.#
.# .# !# ..


You could see 2 orcs.


Message History

* * * LOW HITPOINT WARNING * * *
You hit the orc.
The orc is almost dead.
You barely miss something.
You feel sick. The orc hits you with a flail.
* * * LOW HITPOINT WARNING * * *
Something hits you but does no damage.
You hit the orc.
You kill the orc!
Trog accepts your kill.
You hit something.
You hear some strange, mumbled words.
A puff of flame appears from out of thin air!
The puff of flame hits you!
* * * LOW HITPOINT WARNING * * *
You hit something. Trog accepts your kill.
Trog appreciates your killing of a magic user.
Reactivating autopickup.
You feel a bit more experienced.
You hit the orc but do no damage.
You feel sick. You block the orc's attack.
You feel the effects of Trog's Hand fading.
You feel sick.
Things that are here:
a dagger; a robe You closely miss the orc.
You headbutt the orc, but do no damage. You hit the orc.
Your headbutt misses the orc.
The orc is heavily wounded.
You hit the orc but do no damage.
You feel sick. You block the orc's attack. The orc hits you with a mace.
You die...

Skill      XL: |  1  2  3  4  5 |
---------------+----------------+-----
Axes           | 4 5 |  5.8
Shields        | 1 2 |  2.3
Fighting       | 4 |  4.3
Armour         | 3 |  3.7
Dodging        | 3 |  3.4

Action                   |  1- 3 |  4- 6 || total
-------------------------+-------+-------++-------
Melee: Hand axe          |    60 |    48 ||   108
       Headbutt          |     6 |     5 ||    11
Invok: Trog's Hand       |     1 |     1 ||     2
       Burn Spellbooks   |     1 |       ||     1
 Stab: Sleeping          |     1 |       ||     1
  Eat: Chunk             |    13 |     2 ||    15
Armor: Animal skin       |    13 |     8 ||    21
Dodge: Dodged            |    31 |    30 ||    61
Block: Buckler           |     6 |     3 ||     9

Vault maps used:
D:1:      lightli_arrival_quake, roderic_roman_lattice
D:2:      marbit_many_paths, first_bread, kennysheep_generic_room_7
D:3:      nicolae_tso_carved_into_rock

Notes
Turn   | Place    | Note
-------+----------+-------------------------------------------
     0 | D:1      | Firecrotchwizard the Minotaur Berserker began the quest for the Orb.
     0 | D:1      | Reached XP level 1. HP: 19/19 MP: 0/0
   227 | D:1      | Reached skill level 4 in Axes
   227 | D:1      | Reached XP level 2. HP: 10/27 MP: 1/1
   729 | D:2      | Found a white marble altar of Elyvilon.
   824 | D:2      | Reached skill level 1 in Shields
  1111 | D:2      | Reached ** piety under Trog
  1278 | D:2      | Reached XP level 3. HP: 33/33 MP: 2/2
  1459 | D:3      | Found a glowing golden altar of the Shining One.
  1606 | D:3      | Noticed Mistoffelees's ghost (amateur OpWz)
  1621 | D:3      | Killed Mistoffelees's ghost
  1621 | D:3      | Reached skill level 4 in Fighting
  1621 | D:3      | Reached skill level 5 in Axes
  1621 | D:3      | Reached skill level 3 in Armour
  1621 | D:3      | Reached skill level 2 in Shields
  1621 | D:3      | Reached XP level 4. HP: 25/40 MP: 3/3
  1621 | D:3      | Reached XP level 5. HP: 28/46 MP: 4/4
  1989 | D:3      | Reached skill level 3 in Dodging
  2204 | D:4      | HP: 3/46 [something/puff of flame (7)]
  2208 | D:4      | Slain by an orc

Vanquished Creatures
  The ghost of Mistoffelees the Sneak, an amateur OpWz (D:3)
  2 orc wizards
  A worker ant (D:4)
  2 worms
  2 dart slugs
  6 orcs
  3 giant cockroaches
  2 goblins (D:1)
  5 hobgoblins
  3 jackals (D:3)
  2 quokkas
  A ball python (D:2)
  5 bats
  3 frilled lizards
  3 kobolds
  6 rats
47 creatures vanquished.
